 Dungeon Crawl Stone Soup version 0.30-a0-782-ge64f9170bb (webtiles) character file.

Game seed: 4899246854680803217

1864 epen the Magician (level 9, -1/103 HPs)
             Began as a Gnoll Warper on Feb 24, 2023.
             Was an Initiate of Cheibriados.
             Succumbed to Dowan's poison
             ... on level 5 of the Dungeon.
             The game lasted 00:09:32 (5595 turns).

epen the Magician (Gnoll Warper)                    Turns: 5595, Time: 00:09:33

Health: -1/103     AC: 24    Str: 11    XL:     9   Next: 13%
Magic:  18/18      EV:  2    Int: 14    God:    Cheibriados [......]
Gold:   322        SH:  0    Dex: 23    Spells: 21/21 levels left

rFire   + . .      SeeInvis .    f - +2 dagger (elec)
rCold   . . .      Faith    .    (no shield)
rNeg    . . .      Spirit   .    (body armour currently unavailable)
rPois   +          Reflect  .    (helmet currently unavailable)
rElec   .          Harm     .    (cloak currently unavailable)
rCorr   .          Rampage  .    (gloves currently unavailable)
Will    .....      NoTele   +    (boots currently unavailable)
Stlth   ++                       (no amulet)
HPRegen 0.37/turn                o - +6 ring of dexterity
MPRegen 0.16/turn                p - ring of protection from fire

@: lethally poisoned (-1 -> -11), tree-form, silenced (expiring), very slow
A: stationary, stasis, torment immunity, boosted hp, (fangs 1), strong nose,
distributed training
a: Renounce Religion


You were on level 5 of the Dungeon.
You worshipped Cheibriados.
Cheibriados was noncommittal.
You were a tree.
You visited 2 branches of the dungeon, and saw 7 of its levels.

You collected 322 gold pieces.

Inventory:

Hand Weapons
 a - a +0 falchion
 f - a +2 dagger of electrocution (weapon)
 q - a +3 short sword of speed
Missiles
 d - 7 boomerangs of dispersal (quivered)
 t - 12 boomerangs
Armour
 b - a +0 leather armour
 c - a +0 pair of gloves (melded)
 i - a +0 ring mail (melded)
 x - a +1 helmet (melded)
Jewellery
 k - a +6 ring of strength
 o - a +6 ring of dexterity (left branch)
 p - a ring of protection from fire (right branch)
Wands
 n - a wand of flame (5)
Scrolls
 r - a scroll of enchant armour
 s - a scroll of noise
 y - 2 scrolls of vulnerability
 z - a scroll of fog
Potions
 g - 3 potions of cancellation
 h - 3 potions of degeneration
 w - a potion of brilliance


   Skills:
 + Level 6.2 Fighting
 + Level 4.1 Short Blades
 + Level 6.2 Long Blades
 + Level 4.1 Axes
 + Level 4.1 Maces & Flails
 + Level 4.1 Polearms
 + Level 4.1 Staves
 + Level 4.1 Ranged Weapons
 + Level 4.9 Throwing
 + Level 4.9 Armour
 + Level 6.2 Dodging
 + Level 4.1 Stealth
 + Level 4.1 Shields
 + Level 4.1 Unarmed Combat
 + Level 6.5 Spellcasting
 + Level 3.3 Conjurations
 + Level 3.3 Hexes
 + Level 3.3 Summonings
 + Level 3.3 Necromancy
 + Level 6.5 Translocations
 + Level 3.3 Transmutations
 + Level 3.3 Fire Magic
 + Level 3.3 Ice Magic
 + Level 3.3 Air Magic
 + Level 3.3 Earth Magic
 + Level 3.3 Poison Magic
 + Level 4.5 Invocations
 + Level 4.1 Evocations


You had 21 spell levels left.
You didn't know any spells.
Your spell library contained the following spells:

 Spells                   Type           Power      Damage    Failure   Level
 Blink                    Tloc           44%        N/A       1%          2
 Lesser Beckoning         Tloc           44%        N/A       1%          2
 Teleport Other           Tloc           22%        N/A       3%          3
 Ensorcelled Hibernation  Hex/Ice        28%        N/A       5%          2
 Static Discharge         Conj/Air       28%        2-4/arc   5%          2
 Vhi's Electric Charge    Tloc/Air       36%        N/A       6%          3
 Spider Form              Tmut/Pois      14%        N/A       11%         3
 Manifold Assault         Tloc           22%        N/A       11%         4
 Anguish                  Hex/Necr       7%         N/A       36%         4
 Petrify                  Tmut/Erth      14%        N/A       36%         4
 Arcjolt                  Conj/Air       7%         1d17      71%         5
 Lightning Bolt           Conj/Air       7%         1d19      71%         5
 Statue Form              Tmut/Erth      9%         N/A       99%         6
 Shatter                  Erth           7%         3d9*      100%        9


Dungeon Overview and Level Annotations

Branches:
Dungeon (6/15)             Temple (1/1) D:5

Altars:
Ashenzari
Cheibriados
Hepliaklqana
Kikubaaqudgha
Nemelex Xobeh
Okawaru
Qazlal
Sif Muna
Trog
Uskayaw
Vehumet
Xom
Yredelemnul
Zin
The Shining One

Shops:
D:1 !

Annotations:
D:5 Dowan


Innate Abilities, Weirdness & Mutations

You are a tree.
Your roots penetrate the ground, keeping you stationary.
You cannot be teleported.
You are immune to unholy pain and torment.
Your maximum health is greatly increased.
Your equipment is partially melded.
((You have very sharp teeth.))
Your uncanny sense of smell can sniff out nearby items.
Your experience applies equally to all skills.


Message History

You are more poisoned.
You hit Dowan.
Dowan is lightly wounded.
You feel sick.
Dowan hits you with a +2 dagger of venom.
You hit Dowan.
Dowan is heavily wounded.
You feel sick. Dowan completely misses you. Dowan hits you but does no damage.
You are more poisoned.
You hit Dowan.
Dowan is heavily wounded.
You feel very sick. Dowan barely misses you.
You completely miss Dowan.
Dowan is heavily wounded.
* * * LOW HITPOINT WARNING * * *
You feel sick. Dowan barely misses you.
You hit Dowan. You bite Dowan, but do no damage.
Dowan is severely wounded.
* * * LOW HITPOINT WARNING * * *
You feel very sick. Dowan casts a spell at you. The shard of ice hits you!
* * * LOW HITPOINT WARNING * * *
Really quaff the potion of lignification?
You turn into a tree.
Your +1 helmet melds into your body.
Your +0 pair of gloves melds into your body.
Your +0 ring mail melds into your body.
Your roots penetrate the ground.
* * * LOW HITPOINT WARNING * * *
You feel very sick.
Dowan mumbles some strange words.
Dowan blinks!
Dowan casts a spell at you.
The stone arrow hits you but does no damage.
Aiming: Throw Flame
Press: ? - help, Shift-Dir - straight line, f - Dowan
Aim: Dowan, wielding a +2 dagger of venom and wearing a +0 robe (severely wounded, fast, 60% to hit)
The puff of flame hits Dowan.
Dowan is almost dead.
You die...

....##....# ###
#...##..##.# #..
#...#...##.#####.#
.......#.##..##...#
#############.###....##.
...e..##............###.
..............####......
..........##......#...##
.......♣§...........#.##
.......######...#.......
####... #.######...# ∆
...## ### ##### ####


You could see Dowan (fast).

Vanquished Creatures
  Pikel (D:5)
  Sigmund (D:3)
  Duvessa (D:5)
  2 ice beasts
  An ogre (D:5)
  A scorpion (D:5)
  A howler monkey (D:4)
  4 crimson imps (D:3)
  2 hounds (D:5)
  An orc priest (D:4)
  Ijyb (D:3)
  Natasha (thrice) (D:2)
  3 iguanas
  An orc wizard (D:4)
  Robin (D:3)
  12 gnolls
  7 adders
  An ufetubus (D:3)
  A worm (D:5)
  4 dart slugs
  14 orcs
  9 endoplasms
  3 giant cockroaches
  12 goblins
  14 hobgoblins
  6 jackals
  3 quokkas
  7 ball pythons
  5 bats
  A frilled lizard (D:3)
  6 kobolds
  6 rats
135 creatures vanquished.

Notes
Turn   | Place    | Note
-------+----------+-------------------------------------------
     0 | D:1      | epen the Gnoll Warper began the quest for the Orb.
     0 | D:1      | Reached XP level 1. HP: 20/20 MP: 6/6
    86 | D:1      | Reached XP level 2. HP: 26/26 MP: 7/7
   368 | D:1      | Reached skill level 5 in Spellcasting
   368 | D:1      | Reached XP level 3. HP: 30/31 MP: 7/9
   468 | D:1      | Found Betwunk's Distillery.
   513 | D:1      | Reached skill level 1 in Invocations
   881 | D:2      | Found a basalt altar of Yredelemnul.
   897 | D:2      | Reached skill level 1 in Short Blades
   897 | D:2      | Reached skill level 1 in Axes
   897 | D:2      | Reached skill level 1 in Maces & Flails
   897 | D:2      | Reached skill level 1 in Polearms
   897 | D:2      | Reached skill level 1 in Staves
   897 | D:2      | Reached skill level 1 in Ranged Weapons
   897 | D:2      | Reached skill level 1 in Stealth
   897 | D:2      | Reached skill level 1 in Shields
   897 | D:2      | Reached skill level 1 in Unarmed Combat
   897 | D:2      | Reached skill level 1 in Evocations
   915 | D:2      | Got the Cyclopedia of Tephra
  1157 | D:2      | Reached XP level 4. HP: 38/38 MP: 11/11
  1287 | D:2      | Noticed Natasha
  1299 | D:2      | Killed Natasha
  1300 | D:2      | Reached skill level 1 in Conjurations
  1300 | D:2      | Reached skill level 1 in Hexes
  1300 | D:2      | Reached skill level 1 in Summonings
  1300 | D:2      | Reached skill level 1 in Necromancy
  1300 | D:2      | Reached skill level 1 in Transmutations
  1300 | D:2      | Reached skill level 1 in Fire Magic
  1300 | D:2      | Reached skill level 1 in Ice Magic
  1300 | D:2      | Reached skill level 1 in Air Magic
  1300 | D:2      | Reached skill level 1 in Earth Magic
  1300 | D:2      | Reached skill level 1 in Poison Magic
  1426 | D:2      | Noticed Natasha
  1439 | D:2      | Killed Natasha
  1491 | D:3      | Noticed Sigmund
  1535 | D:2      | Noticed Natasha
  1542 | D:2      | Killed Natasha
  1543 | D:2      | Reached XP level 5. HP: 41/43 MP: 12/12
  1609 | D:3      | Found a shimmering altar of Xom.
  1767 | D:3      | Reached XP level 6. HP: 46/50 MP: 14/14
  1805 | D:3      | Reached skill level 5 in Fighting
  1805 | D:3      | Reached skill level 5 in Long Blades
  1805 | D:3      | Reached skill level 5 in Dodging
  1928 | D:3      | Killed Sigmund
  2221 | D:3      | Found a faded altar of an unknown god.
  2234 | D:3      | Reached XP level 7. HP: 55/56 MP: 15/15
  2444 | D:3      | Noticed Ijyb
  2460 | D:3      | HP: 1/84 [Ijyb/+0 club (5)]
  2462 | D:3      | Killed Ijyb
  2676 | D:3      | Noticed Robin
  2745 | D:3      | Killed Robin
  3272 | D:4      | Found a sparkling altar of Nemelex Xobeh.
  3366 | D:4      | Noticed a +0 hand axe
  3404 | D:4      | Found a hide-covered altar of Uskayaw.
  3404 | D:4      | Noticed a +0 dagger
  3956 | D:5      | Entered Level 5 of the Dungeon
  4173 | D:4      | Reached XP level 8. HP: 57/63 MP: 16/16
  4208 | D:5      | Found a hazy altar of Hepliaklqana.
  4536 | D:5      | Noticed Pikel
  4595 | D:5      | HP: 3/64 [Pikel/+1 whip of freezing (6)]
  4598 | D:5      | Killed Pikel
  4599 | D:5      | Reached XP level 9. HP: 2/69 MP: 18/18
  5175 | D:5      | Found a staircase to the Ecumenical Temple.
  5192 | Temple   | Entered the Ecumenical Temple
  5389 | Temple   | Became a worshipper of Cheibriados the Contemplative
  5557 | D:5      | Noticed Dowan
  5559 | D:5      | Noticed Duvessa
  5586 | D:5      | Killed Duvessa
  5593 | D:5      | HP: 2/69 [Dowan/shard of ice (14)]
  5595 | D:5      | Succumbed to Dowan's poison

Illustrated notes

Levels and vault maps discovered:
D:1:      mrwooster_arrival_arrow, layout_loops_ring, serial_shops,
          shop_fountains
D:2:      layout_loops_ring, basic_altar, uniq_natasha
D:3:      layout_basic, led_xom_imps, hellmonk_ecumenical_altar_crossroads,
          kennysheep_another_room, uniq_ijyb, uniq_robin, uniq_sigmund
D:4:      layout_loops_ring, dancing_weapons_uskayaw,
          nemelex_xobeh_ov_fountains_minmay
D:5:      layout_rooms, general_overflow_altar, minmay_temple_entry_waves,
          uniq_duvessa, uniq_pikel
D:6:      layout_loops_ring
Temple:   bh_familiar_temple

Skill      XL: |  1  2  3  4  5  6  7  8  9 |
---------------+----------------------------+-----
Spellcasting   | 5 6 |  6.5
Invocations    | 1 2 3 4 |  4.5
Short Blades   | 1 2 3 4 |  4.1
Axes           | 1 2 3 4 |  4.1
Maces & Flails | 1 2 3 4 |  4.1
Polearms       | 1 2 3 4 |  4.1
Staves         | 1 2 3 4 |  4.1
Ranged Weapons | 1 2 3 4 |  4.1
Stealth        | 1 2 3 4 |  4.1
Shields        | 1 2 3 4 |  4.1
Unarmed Combat | 1 2 3 4 |  4.1
Evocations     | 1 2 3 4 |  4.1
Conjurations   | 1 2 3 |  3.3
Hexes          | 1 2 3 |  3.3
Summonings     | 1 2 3 |  3.3
Necromancy     | 1 2 3 |  3.3
Transmutations | 1 2 3 |  3.3
Fire Magic     | 1 2 3 |  3.3
Ice Magic      | 1 2 3 |  3.3
Air Magic      | 1 2 3 |  3.3
Earth Magic    | 1 2 3 |  3.3
Poison Magic   | 1 2 3 |  3.3
Throwing       | 3 4 |  4.9
Armour         | 3 4 |  4.9
Fighting       | 5 6 |  6.2
Long Blades    | 5 6 |  6.2
Dodging        | 5 6 |  6.2
Translocations | 6 |  6.5

Action                     |  1- 3 |  4- 6 |  7- 9 || total
---------------------------+-------+-------+-------++-------
  Melee: Falchion          |   109 |       |       ||   109
         Bite              |    13 |    23 |    66 ||   102
         Short sword       |     3 |   192 |   432 ||   627
         Punch             |     1 |     6 |     9 ||    16
         Dagger            |       |       |    46 ||    46
  Evoke: Wand              |       |       |    26 ||    26
    Use: Scroll            |       |       |    15 ||    15
         Potion            |       |       |    13 ||    13
   Stab: Sleeping          |       |       |     2 ||     2
 Armour: Leather armour    |     5 |       |       ||     5
         Ring mail         |    28 |    32 |    89 ||   149
         Skin              |       |       |     2 ||     2
  Dodge: Dodged            |    78 |    58 |   217 ||   353

Table legend: (Time is in decaauts)
 A = Elapsed time spent in this place.
 B = Non-inter-level travel time spent in this place.
 C = Inter-level travel time spent in this place.
 D = Time resting spent in this place.
 E = Time spent auto-exploring this place.
 F = Levels seen in this place.
 G = Mean time per level.
                   A        B        C        D        E       F      G
               +--------+--------+--------+--------+--------+-----+--------+
         Total |   5314 |   5072 |    242 |   1310 |   2656 |   7 |  759.1 |
       Dungeon |   5099 |   4908 |    191 |   1310 |   2495 |   6 |  849.8 |
        Temple |    215 |    165 |     50 |      0 |    161 |   1 |  215.0 |
               +--------+--------+--------+--------+--------+-----+--------+

Top non-repeatable levels by time:
     D:3: 1530 daAuts
     D:4: 970 daAuts
     D:1: 886 daAuts
     D:5: 775 daAuts
     D:2: 633 daAuts
     D:6: 302 daAuts
  Temple: 215 daAuts
